 Dungeon Crawl Stone Soup version 0.19-a0-49-gb8736b8 (webtiles) character file.

8214 M4edhros the Martial Artist (level 11, -9/68 HPs)
             Began as an Octopode Necromancer on May 6, 2016.
             Was an Elder of Cheibriados.
             Mangled by a red ugly thing (16 damage)
             ... on level 12 of the Dungeon.
             The game lasted 00:31:36 (5086 turns).

M4edhros the Martial Artist (Octopode Necromancer)  Turns: 5086, Time: 00:31:36

Health: -9/68      AC:  1    Str: 18      XL:     11   Next: 27%
Magic:  0/14       EV: 17    Int: 27 (30) God:    Cheibriados [****..]
Gold:   208        SH:  8    Dex: 23 (25) Spells: 5 memorised, 1 level left

rFire  . . .     SeeInvis .       - Unarmed
rCold  . . .     Gourm    .     q - +0 buckler
rNeg   . . .     Faith    .     (helmet restricted)
rPois  +         Spirit   +     o - amulet of guardian spirit
rElec  .         Dismiss  .     u - +1 ring of evasion
rCorr  .         Reflect  .     O - ring of stealth
SustAt .         Harm     .     (no ring)
MR     .....                    (no ring)
Stlth  +++++.....               (no ring)
                                (no ring)
                                (no ring)
                                (no ring)

@: regenerating, very slow, not resistant to hostile enchantments, quite
stealthy
A: almost no armour, amphibious, 8 rings, constrict 8, camouflage 1, blurry
vision 1, clever 1, deterioration 2, poison resistance, gelatinous body 1,
evolution 1, no device heal 1
a: Bend Time, Temporal Distortion, Slouch, Renounce Religion


You were on level 12 of the Dungeon.
You worshipped Cheibriados.
Cheibriados was greatly pleased with you.
You were not hungry.

You visited 3 branches of the dungeon, and saw 14 of its levels.

You collected 413 gold pieces.
You spent 205 gold pieces at shops.

Inventory:

Hand Weapons
 e - a +4 dagger of draining
 x - a +3 hunting sling of freezing
 M - a +0 blowgun
Missiles
 d - 14 curare-tipped needles
 g - 18 javelins (quivered)
 j - 132 stones
 n - 14 tomahawks
 s - 2 throwing nets
 N - 24 poisoned needles
Armour
 q - a +0 buckler (worn)
 G - a +0 large shield
Jewellery
 o - an amulet of guardian spirit (around mantle)
 u - a +1 ring of evasion (left tentacle)
 O - a ring of stealth (right tentacle)
Wands
 f - a wand of acid (0/15)
 k - a wand of acid (0/15)
 m - a wand of enslavement (9/24)
 y - a wand of lightning (0/15)
 z - a wand of flame (6/48)
 C - a wand of random effects (17/48)
 D - a wand of lightning (9/15)
 F - a wand of slowing (21/48)
 H - a wand of flame (23/48)
Scrolls
 c - 3 scrolls of teleportation
 i - 3 scrolls of random uselessness
 l - 2 scrolls of recharging
 r - 2 scrolls of amnesia {unknown}
 v - 2 scrolls of remove curse
 A - a scroll of acquirement {unknown}
 E - 2 scrolls of summoning
 K - a scroll of immolation {unknown}
 L - a scroll of identify
 P - a scroll of fog {unknown}
Potions
 t - a potion of cancellation
 B - a potion of brilliance
Books
 a - a book of Necromancy

   Spells                             Type                      Level
   a - Pain                           Necromancy                   1
   b - Animate Skeleton               Necromancy                   1
   c - Vampiric Draining              Necromancy                   3
   d - Regeneration                   Charms/Necromancy            3
   e - Animate Dead                   Necromancy                   4
   f - Control Undead                 Necromancy                   4
 I - a book of Frost

   Spells                             Type                      Level
   a - Freeze                         Ice                          1
   b - Throw Frost                    Conjuration/Ice              2
   c - Ozocubu's Armour               Charms/Ice                   3
   d - Throw Icicle                   Conjuration/Ice              4
   e - Summon Ice Beast               Ice/Summoning                4
 J - Sogaib's Catalogue of Evil Arts
   (You found it on level 11 of the Dungeon)

   Spells                             Type                      Level
   a - Pain                           Necromancy                   1
   b - Sublimation of Blood           Necromancy                   2
   c - Regeneration                   Charms/Necromancy            3
   d - Animate Dead                   Necromancy                   4
   e - Agony                          Necromancy                   5
   f - Dispel Undead                  Necromancy                   5
Comestibles
 b - 8 bread rations
 p - a meat ration
 w - 24 fruits
 Q - 3 chunks of flesh


   Skills:
 + Level 3.8 Fighting
 + Level 4.6 Dodging
 - Level 2.6 Stealth
 + Level 9.4 Shields
 + Level 11.4 Unarmed Combat
 * Level 2.0 Spellcasting
 * Level 3.3 Charms
 * Level 5.2 Necromancy
 * Level 3.6 Invocations


You had one spell level left.
You knew the following spells:

 Your Spells              Type           Power        Failure   Level  Hunger
a - Pain                  Necr           ####         1%          1    None
b - Animate Skeleton      Necr           N/A          1%          1    None
c - Ozocubu's Armour      Chrm/Ice       ##......     17%         3    ###....
d - Agony                 Necr           ####....     34%         5    ######.
r - Regeneration          Chrm/Necr      ####......   6%          3    ###....


Dungeon Overview and Level Annotations

Branches:
Dungeon (12/15)            Temple (1/1) D:4             Orc (1/2) D:10
   Lair: D:8-11

Altars:
Ashenzari
Cheibriados
Dithmenos
Elyvilon
Fedhas
Gozag
Kikubaaqudgha
Makhleb
Nemelex Xobeh
Okawaru
Pakellas
Qazlal
Ru
Sif Muna
Trog
Vehumet
Xom
Yredelemnul
Zin
The Shining One
Beogh

Shops:
D:6 =   D:7 ((   D:9 *

Annotations:
D:12 Zhenya25pyc's ghost, journeyman GrFi


Innate Abilities, Weirdness & Mutations

You cannot wear most types of armour.
You are amphibious.
You can wear up to eight rings at the same time.
You can use your tentacles to constrict eight enemies at once.
Your skin changes colour to match your surroundings (Stealth).
Your rubbery body absorbs attacks (AC +1).
Scrolls take you a little longer to read.
Your mind is acute. (Int +2)
Your body often deteriorates upon taking damage.
Your system is resistant to poisons.
You evolve.
Potions and wands are less effective at restoring your health.


Message History

This wand has 0 charges left.
You hear a shout! x3
Drink which item? (? for menu, Esc to quit)
You feel much better. The red ugly thing trunk-slaps you!
You are engulfed in flames!!
* * * LOW HITPOINT WARNING * * *
Drink which item? (? for menu, Esc to quit)
You feel much better. You block the red ugly thing's attack.
You bludgeon the red ugly thing! Your grab misses the red ugly thing.
You tentacle-slap the red ugly thing. Your squeeze misses the red ugly thing.
The red ugly thing is almost dead.
You tentacle-slap the red ugly thing but do no damage.
Your grab misses the red ugly thing. You tentacle-slap the red ugly thing.
You squeeze the red ugly thing, but do no damage.
The red ugly thing is almost dead.
The red ugly thing trunk-slaps you!
* * * LOW HITPOINT WARNING * * *
Your body deteriorates!
You feel dopey.
You are engulfed in flames!
You die...

.# #.# .#
#.# .#
#.# ##
#.# . #.#
## #.#
#.# #.#
#@# #u#
#....†a#
#[......
#.#......
..
#.###.#.
.. .#.#
## .# #
.#


You could see a red ugly thing and a worker ant.

Vanquished Creatures
  A cyclops (D:12)
  A gargoyle (D:11)
  3 trolls
  Grinder (D:4)
  10 yaks
  A steam dragon (D:10)
  2 hungry ghosts (D:9)
  3 orc warriors
  An ice beast (D:6)
  An eye of draining (D:12)
  A wasp (D:9)
  A phantom (D:9)
  3 sky beasts
  3 ogres
  4 centaurs
  4 giant frogs
  4 big kobolds
  A scorpion (D:11)
  10 killer bees (D:9)
  5 wights (D:9)
  A howler monkey (D:5)
  5 crimson imps
  A centaur zombie (D:5)
  A giant frog zombie (D:5)
  A hound (D:5)
  3 jellies
  3 orc wizards
  2 orc priests
  2 iguanas
  8 worker ants
  4 sheep (D:12)
  2 hound skeletons
  A worker ant zombie (D:10)
  3 adders
  3 gnolls
  A howler monkey skeleton (D:4)
  2 shadow imps
  An adder zombie (D:6)
  A worm (D:6)
  A giant gecko (D:7)
  27 orcs
  A giant cockroach (D:2)
  5 hobgoblins
  7 jackals
  5 quokkas
  4 bats
  2 giant gecko skeletons
  2 giant newts
  22 kobolds
  2 rats
183 creatures vanquished.

Vanquished Creatures (collateral kills)
  Snorg (D:11)
  A hill giant (D:11)
  3 yaks (D:11)
  A hippogriff (D:6)
  A giant frog (D:11)
  A killer bee (D:9)
  An orc priest (D:4)
  A worker ant zombie (D:9)
  A gnoll (D:6)
  2 adders
  A giant gecko (D:10)
  A butterfly (D:4)
15 creatures vanquished.

Vanquished Creatures (others)
  A human (D:2)
  A plant (D:9)
2 creatures vanquished.

Grand Total: 200 creatures vanquished

Notes
Turn   | Place    | Note
--------------------------------------------------------------
     0 | D:1      | M4edhros the Octopode Necromancer began the quest for the Orb.
     0 | D:1      | Reached XP level 1. HP: 11/11 MP: 3/3
    50 | D:1      | Reached skill level 1 in Unarmed Combat
    50 | D:1      | Reached XP level 2. HP: 8/17 MP: 5/5
   149 | D:2      | Reached skill level 2 in Unarmed Combat
   256 | D:2      | Learned a level 1 spell: Animate Skeleton
   298 | D:2      | Found an ancient bone altar of Kikubaaqudgha.
   298 | D:2      | Noticed a human
   301 | D:2      | Killed a human
   318 | D:2      | Reached XP level 3. HP: 3/21 MP: 0/6
   323 | D:2      | Learned a level 3 spell: Regeneration
   542 | D:3      | Reached skill level 3 in Unarmed Combat
   622 | D:4      | Noticed Grinder
   624 | D:4      | Gained mutation: Scrolls take you a little longer to read. [potion of mutation]
   624 | D:4      | Gained mutation: You are agile. (Dex +2) [potion of mutation]
   624 | D:4      | Gained mutation: Your muscles are strong. (Str +2) [potion of mutation]
   625 | D:4      | Gained mutation: Your body sometimes deteriorates upon taking damage. [potion of mutation]
   625 | D:4      | Gained mutation: Potions and wands are less effective at restoring your health. [potion of mutation]
   625 | D:4      | Gained mutation: Your mind is acute. (Int +2) [potion of mutation]
   636 | D:4      | Killed Grinder
   636 | D:4      | Reached skill level 5 in Unarmed Combat
   636 | D:4      | Reached XP level 4. HP: 5/27 MP: 1/7
   636 | D:4      | Reached XP level 5. HP: 6/31 MP: 1/8
   636 | D:4      | Reached XP level 6. HP: 7/36 MP: 1/9
   691 | D:4      | Found a staircase to the Ecumenical Temple.
   718 | Temple   | Entered the Ecumenical Temple
  1026 | D:4      | Reached skill level 6 in Unarmed Combat
  1157 | D:4      | Found a sparkling altar of Nemelex Xobeh.
  1194 | D:5      | Entered Level 5 of the Dungeon
  1198 | D:5      | Reached XP level 7. HP: 41/41 MP: 10/10
  1228 | D:5      | Reached skill level 7 in Unarmed Combat
  1261 | D:5      | Reached skill level 1 in Shields
  1296 | D:5      | Found a deep blue altar of Sif Muna.
  1296 | D:5      | Found a shimmering altar of Xom.
  1310 | D:5      | Found an opulent altar of Gozag.
  1315 | D:5      | Found a bloodstained altar of Trog.
  1316 | D:5      | Found a radiant altar of Vehumet.
  1318 | D:5      | Found a glowing golden altar of the Shining One.
  1331 | D:5      | the onlt god not found is chei...
  1614 | D:6      | Reached skill level 8 in Unarmed Combat
  1625 | D:6      | Reached XP level 8. HP: 32/46 MP: 2/11
  1831 | D:6      | Found Ajakucle's Jewellery Shoppe.
  2036 | D:4      | Found a snail-covered altar of Cheibriados.
  2041 | D:4      | Became a worshipper of Cheibriados the Contemplative
  2042 | D:4      | found him thanks to magic map scrolls
  2243 | D:7      | Found Oshruok's Antique Weapon Boutique.
  2336 | D:7      | Found Patrepn's Antique Weapon Emporium.
  2352 | D:7      | Bought a glowing hunting sling for 43 gold pieces
  2401 | D:7      | Reached skill level 5 in Shields
  2431 | D:8      | Reached skill level 9 in Unarmed Combat
  2764 | D:9      | Reached * piety under Cheibriados
  2764 | D:9      | Reached XP level 9. HP: 41/51 MP: 10/12
  2923 | D:9      | Reached skill level 10 in Unarmed Combat
  3025 | D:9      | Found Lawogh's Assorted Antiques.
  3035 | D:9      | Bought a jewelled lead wand for 100 gold pieces
  3035 | D:9      | Bought a potion of mutation for 62 gold pieces
  3035 | D:9      | Lost mutation: Your muscles are strong. (Str +2) [potion of mutation]
  3035 | D:9      | Lost mutation: Scrolls take you a little longer to read. [potion of mutation]
  3035 | D:9      | Lost mutation: Your mind is acute. (Int +2) [potion of mutation]
  3068 | D:9      | Reached ** piety under Cheibriados
  3273 | D:9      | Gained mutation: Scrolls take you a little longer to read. [mutagenic meat]
  3274 | D:9      | Gained mutation: Your body often deteriorates upon taking damage. [mutagenic meat]
  3275 | D:9      | Gained mutation: Your system is resistant to poisons. [mutagenic meat]
  3276 | D:9      | Gained mutation: You evolve. [mutagenic meat]
  3334 | D:9      | Noticed a troll
  3340 | D:9      | Killed a troll
  3383 | D:9      | Reached XP level 10. HP: 34/56 MP: 2/13
  3436 | D:10     | Entered Level 10 of the Dungeon
  3751 | D:10     | Found a staircase to the Orcish Mines.
  3805 | D:10     | Reached skill level 1 in Fighting
  3805 | D:10     | Reached skill level 11 in Unarmed Combat
  3825 | D:10     | Reached *** piety under Cheibriados
  4022 | Orc:1    | Entered Level 1 of the Orcish Mines
  4022 | Orc:1    | Found a roughly hewn altar of Beogh.
  4235 | D:11     | Reached skill level 1 in Invocations
  4246 | D:11     | Gained mutation: Your mind is acute. (Int +2) [potion of mutation]
  4246 | D:11     | Lost mutation: You are agile. (Dex +2) [potion of mutation]
  4305 | D:11     | Identified Sogaib's Catalogue of Evil Arts
  4310 | D:11     | Learned a level 3 spell: Ozocubu's Armour
  4316 | D:11     | Learned a level 5 spell: Agony
  4339 | D:11     | Noticed a gargoyle
  4358 | D:11     | Killed a gargoyle
  4358 | D:11     | Reached skill level 1 in Charms
  4473 | D:11     | Noticed Snorg
  4484 | D:11     | Killed Snorg
  4531 | D:11     | Noticed a hill giant
  4536 | D:11     | Killed a hill giant
  4536 | D:11     | Reached XP level 11. HP: 67/67 MP: 6/14
  4537 | D:11     | Noticed a hill giant
  4538 | D:11     | Reached **** piety under Cheibriados
  4589 | D:11     | Noticed an eight-headed hydra
  4776 | D:11     | Reached skill level 5 in Necromancy
  4888 | D:12     | Noticed a cyclops
  4898 | D:12     | Killed a cyclops
  4909 | D:12     | Noticed Zhenya25pyc's ghost (journeyman GrFi)
  5065 | D:12     | Noticed a red ugly thing
  5086 | D:12     | Mangled by a red ugly thing

Vault maps used:
D:1:      dpeg_arrival_oval
D:2:      tgw_kikubaaqudgha
D:3:      serial_corexii_hall, corexii_hall_statues_l, corexii_hall_statues_u,
          corexii_hall_statues_i, corexii_hall_statues_u
D:4:      kennysheep_little_box, minmay_temple_entry_butterflies, first_bread,
          nemelex_diamond_rough_becter, uniq_grinder, uniq_robin
D:5:      nemelex_deck, minitemple
D:6:      serial_shops, nicolae_shop_behind_doors, minmay_misc_feat_hallway
D:7:      serial_shops, nicolae_shop_window_shopping, shop, uniq_duvessa,
          uniq_joseph
D:9:      serial_shops, nicolae_shop_behind_doors, blue_anna_alchemist,
          hangedman_glass_teeth, kennysheep_generic_room_4
D:10:     orc_0_dummy, serial_co_window_serial, co_window_corner_a,
          co_window_of_opportunity_a, co_window_corner_a,
          co_window_of_opportunity_a, co_window_paths_a, co_window_paths_a,
          co_window_corner_a, co_window_unsneaky_path_d, co_window_paths_c,
          co_window_paths_c, co_window_corner_ca, co_window_of_opportunity_c,
          co_window_unsneaky_path_a, co_window_unsneaky_path_e,
          co_window_paths_d, glass_columns_a, glass_columns_b
D:11:     erik_lair_dragon, uniq_snorg
Temple:   oiseaux_autumnal_temple_12
Orc:1:    basic_altar, statue_in_the_mist_lemuel, mines2_david

Skill      XL: |  1  2  3  4  5  6  7  8  9 10 11 |
---------------+----------------------------------+-----
Unarmed Combat | 1 2 5 6 8 9 10 11 | 11.4
Shields        | 3 5 8 9 |  9.4
Fighting       | 3 |  3.8
Dodging        | 4 |  4.6
Invocations    | 3 |  3.6
Charms         | 2 3 |  3.3
Necromancy     | 5 |  5.2
Stealth        | |  2.6
Spellcasting   | |  2.0

Action                   |  1- 3 |  4- 6 |  7- 9 | 10-12 || total
-------------------------+-------+-------+-------+-------++-------
Melee: Unarmed           |     5 |       |   127 |   208 ||   340
       Dagger            |    35 |    28 |    83 |       ||   146
       Constrict         |     9 |    10 |    35 |    26 ||    80
       Tentacles         |     6 |     6 |    54 |    71 ||   137
       Punch             |     1 |     2 |    22 |    29 ||    54
Throw: Javelin           |       |       |     2 |     6 ||     8
 Cast: Pain              |    18 |       |    11 |       ||    29
       Regeneration      |     5 |     2 |    20 |    17 ||    44
       Animate Skeleton  |     1 |     1 |    11 |    21 ||    34
       Agony             |       |       |       |     1 ||     1
Invok: Slouch            |       |       |       |     1 ||     1
Evoke: Wand              |     2 |     1 |     8 |    15 ||    26
  Use: Potion            |     3 |       |     6 |     5 ||    14
       Scroll            |     1 |       |    17 |     7 ||    25
 Stab: Sleeping          |     2 |     1 |     2 |     2 ||     7
       Invisible         |       |       |     3 |       ||     3
       Distracted        |       |       |       |     2 ||     2
  Eat: Chunk             |       |     3 |    12 |     4 ||    19
       Meat ration       |       |       |     1 |     1 ||     2
Armor: Skin              |     4 |     2 |    43 |     2 ||    51
Dodge: Dodged            |    17 |    16 |   100 |   127 ||   260
Block: Buckler           |       |     4 |    61 |    62 ||   127
